 Dungeon Crawl Stone Soup version 0.30.0-29-ga12c61a403 (webtiles) character file.

Game seed: 5292435477658442948

189 qw the Chopper (level 5, -4/32 HPs)
             Began as a Gargoyle Fighter on June 3, 2023.
             Slain by Grinder (8 damage)
             ... on level 4 of the Dungeon.
             The game lasted 00:01:42 (3183 turns).

qw the Chopper (Gargoyle Fighter)                   Turns: 3183, Time: 00:01:43

Health: -4/32      AC: 10    Str: 20 (21) XL:     5   Next: 68%
Magic:  5/5        EV:  9    Int:  6 (7)  God:
Gold:   129        SH:  4    Dex:  6 (9)  Spells: 4/4 levels left

rFire   . . .        Y - +2 war axe
rCold   . . .        c - +0 buckler
rNeg    + . .        b - +0 scale mail
rPois   inf          (no helmet)
rElec   +            (no cloak)
rCorr   .            (no gloves)
SInv    .            (no boots)
Will    .....        (no amulet) Stlth
                     (no ring)
HPRegen 0.25/turn    (no ring)
MPRegen 0.09/turn

%: no passive effects
@: no status effects
A: sickness immunity, AC +4, negative energy resistance 1, electricity
resistance, torment resistance 1, petrification resistance, dopey 1, sturdy
frame 1
a: no special abilities


You were on level 4 of the Dungeon.
You visited 1 branch of the dungeon, and saw 4 of its levels.

You collected 129 gold pieces.


Innate Abilities, Weirdness & Mutations

You are immune to sickness and miasma.
Your stone body is resilient. (AC +4)
You are immune to poison.
You resist negative energy. (rN+)
You are resistant to electric shocks. (rElec)
You are resistant to unholy torment.
You are immune to petrification.
You are dopey. (Int -2)
Your movements are slightly less encumbered by armour. (ER -2)


   Skills:
 + Level 3.4 Fighting
 - Level 5.1 Axes
 - Level 3.2 Armour
 - Level 3.2 Shields


You had 4 spell levels left.
You didn't know any spells.
Your spell library was empty.

Inventory:

Hand Weapons
 e - a +0 whip
 Y - a +2 war axe (weapon)
Armour
 b - a +0 scale mail (worn)
 c - a +0 buckler (worn)
Scrolls
 i - a scroll of identify
 j - a scroll of vulnerability {unknown}
 k - a scroll of butterflies {unknown}
Potions
 a - a potion of cancellation {unknown}
 d - 2 potions of might
 f - a potion of brilliance {unknown}
 g - a potion of haste {unknown}
 h - 2 potions of curing {unknown}
 l - a potion of lignification {unknown}

Dungeon Overview and Level Annotations

Branches:
Dungeon (4/15)
 Temple: D:4-7

Altars:
Cheibriados
Yredelemnul

Annotations:
D:4 Grinder


Message History

Grinder hits you.
You writhe in agony.
You hit Grinder but do no damage.
Grinder is heavily wounded.
Grinder gestures at you.
You suddenly lose the ability to move!
Grinder gestures at you.
You shrug off the repeated paralysis!
Grinder hits you but does no damage. x2
Grinder blinks!
You can move again.
3173 ||| Stepping ~*~*~tactically~*~*~ (hiding).
Enter note:
Enter note: You slash Grinder!
Grinder is almost dead.
Grinder hits you but does no damage.
You closely miss Grinder.
Grinder is almost dead.
Grinder blinks!
Found 2 scrolls labelled UQAWER REGEDATOM.
Enter note: Grinder hits you but does no damage.
Enter note: You hit Grinder but do no damage.
Grinder is almost dead.
Grinder hits you.
You writhe in agony.
You closely miss Grinder.
Grinder is almost dead.
Grinder blinks!
Found a quarterstaff.
Grinder hits you but does no damage.
Enter note: You barely miss Grinder.
Grinder is almost dead.
Grinder gestures at you. Pain shoots through your body!
You barely miss Grinder.
Grinder is almost dead.
Grinder hits you!
You die...

#.....# ...... #####..
...... ##. ....... ####.
########........ #....
#.....?...)......##.###
#......... ......#..# #
##...(5..# ##..%####
.......@.# #........
.........### #........
...........## #........
..########..####........
. #####...##........
....................
####..####^####..###
#..#.......#..###
#..#.......#...##


You could see Grinder.

Vanquished Creatures
  An iguana (D:4)
  9 adders
  A worm (D:2)
  An orc (D:3)
  10 bats
  2 endoplasms
  5 giant cockroaches
  8 goblins
  9 hobgoblins
  3 quokkas
  11 ball pythons
  5 frilled lizards
  5 kobolds
  12 rats
82 creatures vanquished.

Notes
Turn   | Place    | Note
-------+----------+-------------------------------------------
     0 | D:1      | qw the Gargoyle Fighter began the quest for the Orb.
     0 | D:1      | Reached XP level 1. HP: 14/14 MP: 1/1
     0 | D:1      | 0 ||| qw: Version: 0.2-a-103-g5a998e5
     0 | D:1      | 0 ||| qw: Game counter: 1101
     0 | D:1      | 0 ||| qw: Always use a shield: true
     0 | D:1      | 0 ||| qw: God list: Okawaru
     0 | D:1      | 0 ||| qw: Allow faded altars: false
     0 | D:1      | 0 ||| qw: Do Orc after D:15 true
     0 | D:1      | 0 ||| qw: Do second Lair branch before Depths: true
     0 | D:1      | 0 ||| qw: Lair rune preference: random
     0 | D:1      | 0 ||| qw: Plans: Normal, Zot:1-4, Slime:5, God:TSO, Crypt,
                  | Tomb, Pan, Hells, Abyss, Win
     0 | D:1      | 0 ||| PLANNING D:1-11
    17 | D:1      | 17 ||| Stepping ~*~*~tactically~*~*~ (stealth).
    28 | D:1      | Reached skill level 2 in Axes
    98 | D:1      | Reached XP level 2. HP: 19/19 MP: 2/2
   356 | D:1      | 356 ||| Stepping ~*~*~tactically~*~*~ (stealth).
   404 | D:1      | Reached skill level 3 in Axes
   440 | D:1      | 440 ||| Stepping ~*~*~tactically~*~*~ (stealth).
   517 | D:1      | Reached XP level 3. HP: 23/23 MP: 3/3
   902 | D:1      | 902 ||| READING scroll labelled YLIAZO TAIPIGEPSA.
   903 | D:1      | 903 ||| READING scroll labelled AMUNNA MEGUED.
   904 | D:1      | 904 ||| READING scroll labelled JYKUIHERYX.
   905 | D:1      | 905 ||| DRINKING 2 glowing sapphire potions.
   906 | D:1      | 906 ||| DROPPING potion of degeneration.
   969 | D:2      | 969 ||| FLEEEEING.
   970 | D:2      | 970 ||| FLEEEEING.
  1062 | D:2      | 1062 ||| DRINKING 2 sapphire potions.
  1062 | D:2      | Gained mutation: You are vulnerable to heat. (rF-) [potion
                  | of mutation]
  1063 | D:2      | 1063 ||| DRINKING potion of mutation.
  1063 | D:2      | Lost mutation: You are vulnerable to heat. (rF-) [potion of
                  | mutation]
  1063 | D:2      | Gained mutation: You are dopey. (Int -2) [potion of
                  | mutation]
  1063 | D:2      | Gained mutation: Your movements are slightly less
                  | encumbered by armour. (ER -2) [potion of mutation]
  1107 | D:2      | Reached XP level 4. HP: 25/28 MP: 4/4
  1144 | D:2      | 1144 ||| Stepping ~*~*~tactically~*~*~ (stealth).
  1145 | D:2      | 1145 ||| Stepping ~*~*~tactically~*~*~ (stealth).
  1146 | D:2      | 1146 ||| Stepping ~*~*~tactically~*~*~ (stealth).
  1147 | D:2      | 1147 ||| Stepping ~*~*~tactically~*~*~ (stealth).
  1340 | D:2      | 1340 ||| READING scroll labelled CIOCYAHAECK.
  1341 | D:2      | 1341 ||| READING scroll labelled LURCHI CAUNN.
  1394 | D:2      | 1394 ||| DROPPING +0 club.
  1440 | D:2      | Reached skill level 4 in Axes
  2002 | D:2      | 2002 ||| READING scroll labelled PODAYQ PYU.
  2005 | D:2      | 2005 ||| DRINKING 2 sedimented emerald potions.
  2008 | D:2      | 2008 ||| DROPPING potion of ambrosia.
  2095 | D:3      | 2095 ||| READING scroll of enchant weapon.
  2095 | D:3      | 2095 ||| ENCHANTING +1 war axe.
  2209 | D:3      | 2209 ||| Stepping ~*~*~tactically~*~*~ (stealth).
  2210 | D:3      | 2210 ||| Stepping ~*~*~tactically~*~*~ (stealth).
  2212 | D:3      | 2212 ||| Stepping ~*~*~tactically~*~*~ (stealth).
  2257 | D:3      | 2257 ||| Stepping ~*~*~tactically~*~*~ (stealth).
  2258 | D:3      | 2258 ||| Stepping ~*~*~tactically~*~*~ (stealth).
  2270 | D:3      | Found a faded altar of an unknown god.
  2414 | D:3      | Reached XP level 5. HP: 31/32 MP: 5/5
  2449 | D:3      | 2449 ||| Stepping ~*~*~tactically~*~*~ (hiding).
  2450 | D:3      | 2450 ||| Stepping ~*~*~tactically~*~*~ (stealth).
  2451 | D:3      | 2451 ||| Stepping ~*~*~tactically~*~*~ (hiding).
  2458 | D:3      | 2458 ||| Stepping ~*~*~tactically~*~*~ (stealth).
  2460 | D:3      | 2460 ||| Stepping ~*~*~tactically~*~*~ (stealth).
  2461 | D:3      | 2461 ||| Stepping ~*~*~tactically~*~*~ (stealth).
  2464 | D:3      | 2464 ||| Stepping ~*~*~tactically~*~*~ (stealth).
  2603 | D:3      | Found a snail-covered altar of Cheibriados.
  2875 | D:3      | 2875 ||| DROPPING +6 ring of intelligence.
  2876 | D:3      | 2876 ||| READING scroll labelled OBBIUF ZICIB.
  2877 | D:3      | 2877 ||| DRINKING 2 viscous amethyst potions.
  2982 | D:3      | 2982 ||| DROPPING potion of berserk rage.
  3024 | D:4      | Reached skill level 5 in Axes
  3120 | D:4      | Found a basalt altar of Yredelemnul.
  3155 | D:4      | Noticed Grinder
  3157 | D:4      | 3157 ||| Stepping ~*~*~tactically~*~*~ (hiding).
  3162 | D:4      | Paralysed by Grinder for 3 turns
  3167 | D:4      | HP: 8/32 [Grinder (2)]
  3168 | D:4      | Paralysed by Grinder for 5 turns
  3173 | D:4      | 3173 ||| Stepping ~*~*~tactically~*~*~ (hiding).
  3179 | D:4      | HP: 6/32 [Grinder (3)]
  3183 | D:4      | Slain by Grinder

Levels and vault maps discovered:
D:1:      dpeg_arrival_rhombus, layout_basic
D:2:      layout_loops_ring, serial_co_window_serial, co_window_paths_b,
          co_window_corner_a, co_window_paths_a, co_window_paths_a,
          co_window_of_opportunity_a, co_window_corner_ca, co_window_cross_2,
          co_window_broadway_c, co_window_paths_c, co_window_paths_c,
          co_window_broadway_c, co_window_of_opportunity_c, glass_columns_a,
          glass_columns_c, glass_columns_b, glass_columns_b
D:3:      layout_loops_ring, general_overflow_altar,
          shapermc_ecumenical_altar_ellora, grunt_ministairs_1,
          kennysheep_generic_room_15
D:4:      layout_rooms, lemuel_doored_altar, lemuel_tele_altar, uniq_grinder

Skill      XL: |  1  2  3  4  5 |
---------------+----------------+-----
Axes           | 2 3 4 5 |  5.1
Fighting       | |  3.4
Armour         | |  3.2
Shields        | |  3.2

Action                     |  1- 3 |  4- 6 || total
---------------------------+-------+-------++-------
  Melee: War axe           |   124 |   123 ||   247
  Throw: Boomerang         |       |     4 ||     4
    Use: Scroll            |     3 |     5 ||     8
         Potion            |     3 |     2 ||     5
 Armour: Scale mail        |    64 |    58 ||   122
  Dodge: Dodged            |    52 |    39 ||    91
  Block: Buckler           |    18 |    13 ||    31

Table legend:
 A = Non-vault XP
 B = Vault XP
 C = Vault XP percentage of total XP
 D = Non-vault monster count
 E = Vault monster count
 F = Vault count percentage of total count
                 A         B        C        D         E       F
            +---------+---------+-------+---------+---------+-------
      Total |     242 |      28 |  10.4 |      78 |       4 |   4.9
            +---------+---------+-------+---------+---------+-------
        D:1 |      38 |       0 |   0.0 |      24 |       0 |   0.0
        D:2 |      82 |       0 |   0.0 |      29 |       0 |   0.0
        D:3 |      70 |      28 |  28.6 |      22 |       4 |  15.4
        D:4 |      52 |       0 |   0.0 |       3 |       0 |   0.0
            +---------+---------+-------+---------+---------+-------
